 Dungeon Crawl Stone Soup version 0.19-a0-1895-g783e625 (console) character file.

186 utis the Ducker (level 5, 0/39 HPs)
             Began as a Human Arcane Marksman on Oct 18, 2016.
             Succumbed to an adder's poison
             ... on level 3 of the Dungeon.
             The game lasted 00:16:12 (4736 turns).

utis the Ducker (Human Arcane Marksman)             Turns: 4736, Time: 00:16:13

Health: 0/39       AC:  2    Str: 17 (18) XL:     5   Next: 97%
Magic:  6/6        EV: 13    Int: 11 (13) God:
Gold:   162        SH:  0    Dex: 11 (12) Spells: 2 memorised, 3 levels left

rFire  + . .     SeeInvis .     b - +0 mace
rCold  + . .     Gourm    .     e - +0 robe
rNeg   . . .     Faith    .     (no shield)
rPois  +         Spirit   .     (no helmet)
rElec  +         Reflect  .     (no cloak)
rCorr  +         Harm     .     (no gloves)
MR     .....                    (no boots)
Stlth  +.........               (no amulet)
                                (no ring)
                                (no ring)

@: mighty, lethally poisoned (0 -> -3), exhausted, resistant, slowed, very slow
A: no striking features
a: no special abilities


You were on level 3 of the Dungeon.
You were not hungry.

You visited 1 branch of the dungeon, and saw 3 of its levels.

You collected 162 gold pieces.

Inventory:

Hand Weapons
 a - a +0 shortbow
 b - a +0 mace (weapon)
 g - a +0 dagger
 i - a +0 whip
 s - a +2 falchion of flaming
Missiles
 d - 19 arrows
 m - 165 stones (quivered)
 u - 21 poisoned needles
 D - 18 sling bullets
Armour
 e - a +0 robe (worn)
 A - a +1 chain mail
Jewellery
 p - an uncursed ring of protection from magic {unknown}
Wands
 B - a wand of heal wounds (7/9) {@v2}
Scrolls
 j - a scroll of random uselessness {unknown}
 k - a scroll of enchant armour
 o - a scroll of amnesia {unknown}
 q - a scroll of immolation {unknown}
 w - a scroll of remove curse {unknown}
 y - a scroll of teleportation {unknown}
 C - a scroll of fog {unknown}
Potions
 n - a potion of agility
 v - 2 potions of flight
Books
 c - a book of Debilitation

   Spells                             Type                      Level
   a - Corona                         Hexes                        1
   b - Slow                           Hexes                        2
   c - Gell's Gravitas                Hexes/Translocation          3
   d - Inner Flame                    Hexes/Fire                   3
   e - Cause Fear                     Hexes                        4
   f - Leda's Liquefaction            Hexes/Earth                  4
Comestibles
 f - 2 bread rations {@e1}
 h - 2 fruits {@e2}
 r - a beef jerky {@e2}
 z - 2 chunks of flesh


   Skills:
 + Level 2.5 Fighting
 * Level 3.2 Maces & Flails
 - Level 2.0 Bows
 + Level 3.6 Dodging
 - Level 1.0 Spellcasting
 - Level 3.0 Hexes


You had 3 spell levels left.
You knew the following spells:

 Your Spells              Type           Power        Failure   Level  Hunger
a - Corona                Hex            #......      12%         1    ##.....
w - Slow                  Hex            #.......     17%         2    ###....


Dungeon Overview and Level Annotations

Branches:
Dungeon (3/15)

Altars:
Trog


Message History

You feel very mighty all of a sudden.
* * * LOW HITPOINT WARNING * * *
You feel sick.
Okay, then.
* * * LOW HITPOINT WARNING * * *
You feel sick.
* * * LOW HITPOINT WARNING * * *
You feel sick.
* * * LOW HITPOINT WARNING * * *
You feel sick.
* * * LOW HITPOINT WARNING * * *
You feel sick.
You feel protected.
* * * LOW HITPOINT WARNING * * *
You feel sick.
* * * LOW HITPOINT WARNING * * *
You feel sick.
* * * LOW HITPOINT WARNING * * *
You feel sick.
You die...

░.......░ ░...░ ░░░ ░.......░
░...░ ░░░░░░░ ..░ ░..░░░░.░
░░░░...░ ░......
.÷░░░.░░░░░░░░░░░░......░░░.[....
..'.'░░..'.░░....'......+.+......
..░░░░...░░.░░░░░░......░.░......
..░░░....#░l░░░░ ░......░.░......
.......▩.#░.░..░░░....░░░.░......
░........#░r░...p...........░░░.░
░.░░.░...░░l░..░░░░░░+░░░.░.....░
.....░░..^░░░...░.......░.░.░░░░░
░.░...░░░░░░.░░.░.......░.░.░...░
░.░....░░░░░.░░.........░)░.░.░..
░.░..░░░░.░░.░░░........░.░.░.░..
░.░..░░░░.░░.░░░........░.░.░.░..
░.░...)...░░.░......░...).░.░.░<.
░.░░.░░░░░░░.░.░..░.░░░░░.░.░.░░.


There were no monsters in sight!

Vanquished Creatures
  An orc priest (D:3)
  7 adders
  An ooze (D:2)
  2 worms (D:2)
  2 dart slugs
  4 leopard geckos
  9 orcs
  3 ball pythons
  A giant cockroach (D:1)
  4 goblins
  10 hobgoblins
  2 jackals (D:3)
  2 quokkas
  4 bats
  A frilled lizard (D:1)
  7 kobolds
  9 rats
69 creatures vanquished.

Notes
Turn   | Place    | Note
-------+----------+-------------------------------------------
     0 | D:1      | utis the Human Arcane Marksman began the quest for the Orb.
     0 | D:1      | Reached XP level 1. HP: 15/15 MP: 2/2
   163 | D:1      | Reached XP level 2. HP: 20/22 MP: 1/3
   189 | D:1      | Learned a level 2 spell: Slow
   696 | D:1      | Reached skill level 1 in Maces & Flails
  1514 | D:2      | Reached XP level 3. HP: 26/27 MP: 1/4
  1855 | D:2      | Reached XP level 4. HP: 21/33 MP: 0/5
  3160 | D:3      | hmmmm
  3267 | D:3      | Reached XP level 5. HP: 32/38 MP: 1/6
  4490 | D:3      | Found a bloodstained altar of Trog.
  4732 | D:3      | HP: 1/39 [poisoned by an adder]
  4736 | D:3      | Succumbed to an adder's poison

Vault maps used:
D:1:      dpeg_arrival_simpleton_a
D:3:      first_bread, trog_butcher_becter

Skill      XL: |  1  2  3  4  5 |
---------------+----------------+-----
Fighting       | 2 |  2.5
Maces & Flails | 1 2 3 |  3.2
Dodging        | 3 |  3.6
Bows           | |  2.0
Spellcasting   | |  1.0
Hexes          | |  3.0

Action                   |  1- 3 |  4- 6 || total
-------------------------+-------+-------++-------
Melee: Dagger            |     9 |       ||     9
       Whip              |    31 |       ||    31
       Mace              |    23 |   178 ||   201
 Fire: Shortbow          |     5 |       ||     5
Throw: Stone             |     2 |     8 ||    10
 Cast: Corona            |    34 |    60 ||    94
       Slow              |     2 |     7 ||     9
  Use: Scroll            |       |     4 ||     4
       Potion            |       |     4 ||     4
  Eat: Chunk             |     2 |    13 ||    15
       Fruit             |     2 |       ||     2
Armor: Robe              |     8 |    17 ||    25
       Chain mail        |       |    16 ||    16
Dodge: Dodged            |    45 |   116 ||   161
